 Dungeon Crawl Stone Soup version 0.29-a0-529-gfa20dd96a1 (webtiles) character file.

Game seed: 1790579089418540547

27 fingers the Slasher (level 3, -4/29 HPs)
             Began as a Human Cinder Acolyte on June 1, 2022.
             Was a Follower of Makhleb.
             Slain by a fire elemental (6 damage)
             ... created by the fiery vengeance of Ignis
             ... on level 2 of the Dungeon.
             The game lasted 00:05:41 (1340 turns).

fingers the Slasher (Human Cinder Acolyte)          Turns: 1340, Time: 00:05:41

Health: -4/29      AC: 10    Str: 16    XL:     3   Next: 25%
Magic:  4/4        EV:  6    Int: 14    God:    Makhleb [*.....]
Gold:   11         SH:  0    Dex:  8    Spells: 4/4 levels left

rFire   . . .      SeeInvis .   a - -1 falchion (flame)
rCold   . . .      Faith    .   (no shield)
rNeg    . . .      Spirit   .   c - +0 chain mail
rPois   .          Reflect  .   (no helmet)
rElec   .          Harm     .   (no cloak)
rCorr   .          Rampage  .   g - +1 pair of gloves
Will    .....                   (no boots)
Stlth   ..........              (no amulet)
HPRegen 0.09/turn               (no ring)
MPRegen 0.09/turn               (no ring)

@: fire susceptible
A: no striking features
a: Renounce Religion


You were on level 2 of the Dungeon.
You worshipped Makhleb.
Makhleb was aware of your devotion.
You visited 1 branch of the dungeon, and saw 2 of its levels.

You collected 11 gold pieces.

Inventory:

Hand Weapons
 a - a -1 falchion of flaming (weapon)
 f - a +0 hand crossbow
Armour
 b - a +0 robe
 c - a +0 chain mail (worn)
 g - a +1 pair of gloves (worn)
Scrolls
 h - a scroll of poison
Potions
 e - 2 potions of haste
 j - a potion of degeneration


   Skills:
 + Level 3.3 Fighting
 + Level 3.5 Long Blades
 + Level 0.4 Armour
 + Level 1.0 Spellcasting
 + Level 3.2 Fire Magic


You had 4 spell levels left.
You didn't know any spells.
Your spell library contained the following spells:

 Spells                   Type           Power      Damage    Failure   Level
 Scorch                   Fire           18%        2d6       91%         2


Dungeon Overview and Level Annotations

Branches:
Dungeon (2/15)

Altars:
Makhleb


Message History

The slug dart hits you but does no damage.
The dart slug bites you.
The dart slug bites you but does no damage.
You hit the dart slug. You burn the dart slug.
The dart slug is heavily wounded.
You hit the dart slug. You burn the dart slug.
The dart slug is severely wounded.
The dart slug launches a dart at you. The slug dart hits you.
You hit the dart slug. You burn the dart slug.
You kill the dart slug!
Makhleb accepts your kill.
Found a golden potion and 3 scrolls labelled GOAPPOY FYRGHAM.
j - a golden potion
k - 3 scrolls labelled GOAPPOY FYRGHAM
As you read the scroll labelled GOAPPOY FYRGHAM, it crumbles to dust.
It is a scroll of identify.
e - 2 potions of haste
As you read the scroll of identify, it crumbles to dust.
h - a scroll of poison
As you read the scroll of identify, it crumbles to dust.
j - a potion of degeneration "With a thousand fires I burned cities, but these will suffice for you!" 2 fire elementals come into view.
Blink to where?
Press: ? - help, Dir - move target Blink to where?
Press: ? - help, Dir - move target Blink to where?
Press: ? - help, Dir - move target
Okay, then.
As you read the scroll labelled QOGHEW HUXOA, it crumbles to dust.
It was a scroll of blinking.
As you read the scroll labelled WUUMOY RUNKESH, it crumbles to dust.
Your body is wracked with pain!
It was a scroll of torment.
You closely miss the fire elemental. The fire elemental hits you.
The fire elemental burns you!
* * * LOW HITPOINT WARNING * * *
The fire elemental hits you. The fire elemental burns you!
You die...

#.#.##.#. #.#.##...
### ###.#...... #..
...#.###.. #.#
#####.....#.. #.#
#.........#.. #ā—‹#
#.........##.
#E####.........##.
#@Eā—‹...........##8
#######........###
#......####.
#......# #.
#......####.
#...........
#.....#####. #.....#
#... #.....# #.#.


You could see 2 fire elementals.

Vanquished Creatures
  A dart slug (D:2)
  2 ball pythons (D:2)
  2 endoplasms (D:2)
  A giant cockroach (D:1)
  3 goblins
  2 hobgoblins (D:1)
  3 jackals (D:1)
  A quokka (D:1)
  3 bats
  A frilled lizard (D:1)
  A kobold (D:1)
  A rat (D:1)
21 creatures vanquished.

Vanquished Creatures (others)
  21 foxfires
21 creatures vanquished.

Grand Total: 42 creatures vanquished

Notes
Turn   | Place    | Note
-------+----------+-------------------------------------------
     0 | D:1      | fingers the Human Cinder Acolyte began the quest for the
                  | Orb.
     0 | D:1      | Reached XP level 1. HP: 18/18 MP: 2/2
     3 | D:1      | Noticed an electric eel
     9 | D:1      | Noticed an electric eel
   323 | D:1      | Reached XP level 2. HP: 24/24 MP: 3/3
  1195 | D:2      | Reached XP level 3. HP: 29/29 MP: 4/4
  1211 | D:2      | Found a faded altar of an unknown god.
  1219 | D:2      | Prayed at the altar of an unknown god.
  1219 | D:2      | Fell from the grace of Ignis
  1219 | D:2      | Became a worshipper of Makhleb the Destroyer
  1219 | D:2      | Reached * piety under Makhleb
  1338 | D:2      | Noticed a fire elemental
  1338 | D:2      | Noticed a fire elemental
  1340 | D:2      | Slain by a fire elemental

Illustrated notes

Levels and vault maps discovered:
D:1:      arrival_aquarium_b, layout_basic
D:2:      layout_basic, shapermc_ecumenical_altar_mp_highgroup

Action                   || total
-------------------------++-------
Melee: Falchion          ||    41
Invok: Foxfire Swarm     ||     9
  Use: Scroll            ||     5
Armor: Chain mail        ||    52
Dodge: Dodged            ||    21

Table legend: (Time is in decaauts)
 A = Elapsed time spent in this place.
 B = Non-inter-level travel time spent in this place.
 C = Inter-level travel time spent in this place.
 D = Time resting spent in this place.
 E = Time spent auto-exploring this place.
 F = Levels seen in this place.
 G = Mean time per level.
                   A        B        C        D        E       F      G
               +--------+--------+--------+--------+--------+-----+--------+
         Total |   1344 |   1213 |    131 |      0 |    560 |   2 |  672.0 |
       Dungeon |   1344 |   1213 |    131 |      0 |    560 |   2 |  672.0 |
               +--------+--------+--------+--------+--------+-----+--------+

Top non-repeatable levels by time:
     D:1: 1167 daAuts
     D:2: 177 daAuts
